[Event "ICC tourney 2056 (3 2)"]
[Site "Internet Chess Club"]
[Date "2020.10.12"]
[Round "11"]
[White "blackjack721"]
[Black "HemingLiu"]
[Result "1-0"]
[ICCResult "Black checkmated"]
[WhiteElo "1296"]
[BlackElo "1070"]
[Opening "Vienna game"]
[ECO "C28"]
[NIC "VG.02"]
[Time "21:38:13"]
[TimeControl "180+2"]

1. e4 e5 2. Bc4 Nf6 3. Nc3 Nc6 4. d3 Bb4 5. Bd2 O-O 6. Nge2 d6 7. h3 Be6 8.
Nd5 Nxd5 9. exd5 Bxd2+ 10. Qxd2 Nd4 11. Nxd4 e4 12. dxe6 fxe6 13. Nxe6 Qe8
14. Nxc7+ Kh8 15. Nxe8 Rfxe8 16. O-O-O exd3 17. Qxd3 Rad8 18. f4 h6 19. g4
a5 20. h4 b6 21. Bd5 a4 22. Qg6 b5 23. g5 hxg5 24. hxg5# {Black checkmated}
1-0

[Event "ICC tourney 2056 (3 2)"]
[Site "Internet Chess Club"]
[Date "2020.10.12"]
[Round "11"]
[White "chessrex"]
[Black "hackerguru"]
[Result "1-0"]
[ICCResult "Black checkmated"]
[WhiteElo "1873"]
[BlackElo "1533"]
[Opening "Blackmar-Diemer: Euwe defense"]
[ECO "A45"]
[NIC "QP.07"]
[Time "21:38:24"]
[TimeControl "180+2"]

1. d4 Nf6 2. f3 d5 3. e4 dxe4 4. Nc3 exf3 5. Nxf3 e6 6. Bg5 Be7 7. Bd3 c6 8.
O-O Nd5 9. Bxe7 Qxe7 10. Qd2 O-O 11. Rae1 Nxc3 12. bxc3 Nd7 13. Qf4 Nf6 14.
Qh4 h6 15. g4 Nd5 16. g5 Nxc3 17. Qg3 h5 18. g6 Qf6 19. Ne5 h4 20. Qg4 Qd8
21. gxf7+ Kh8 22. Qh5# {Black checkmated} 1-0

[Event "ICC tourney 2056 (3 2)"]
[Site "Internet Chess Club"]
[Date "2020.10.12"]
[Round "11"]
[White "Jett503"]
[Black "oxdidi"]
[Result "1-0"]
[ICCResult "Black resigns"]
[WhiteElo "1234"]
[BlackElo "1134"]
[Opening "Giuoco Piano: four knights variation"]
[ECO "C26"]
[NIC "VG.02"]
[Time "21:38:22"]
[TimeControl "180+2"]

1. e4 e5 2. Bc4 Nf6 3. Nc3 Bc5 4. Nf3 Nc6 5. O-O O-O 6. a3 d6 7. Be2 Bg4 8.
h3 Bh5 9. b4 Bb6 10. Nd5 Nxe4 11. Nxb6 axb6 12. Bb2 Nf6 13. d4 exd4 14. Nxd4
Nxd4 15. Bxd4 Bxe2 16. Qxe2 Re8 17. Qf3 Ne4 18. Qg4 Qg5 19. Qd7 Nd2 20. Be3
Nxf1 21. Bxg5 Re5 22. Rxf1 Rxg5 23. Qxc7 Re5 24. Qxd6 Ree8 25. Qxb6 Rab8 26.
c4 {Black resigns} 1-0

[Event "ICC tourney 2056 (3 2)"]
[Site "Internet Chess Club"]
[Date "2020.10.12"]
[Round "11"]
[White "MagnumPI"]
[Black "Rook99"]
[Result "1-0"]
[ICCResult "Black resigns"]
[WhiteElo "1232"]
[BlackElo "1245"]
[Opening "Benkö gambit"]
[ECO "A57"]
[NIC "BI.46"]
[Time "21:38:15"]
[TimeControl "180+2"]

1. d4 Nf6 2. c4 c5 3. d5 b5 4. e3 Qa5+ 5. Bd2 b4 6. a3 g6 7. Nf3 Bg7 8. Qc2
O-O 9. Bd3 d6 10. O-O Bg4 11. Be2 Nbd7 12. h3 Bf5 13. Bd3 Bxd3 14. Qxd3 Qa6
15. e4 Ne5 16. Nxe5 dxe5 17. Bg5 Rfd8 18. Nd2 e6 19. axb4 Qb6 20. bxc5 Qxc5
21. Bxf6 Bxf6 22. Nb3 Qb4 23. Na5 exd5 24. cxd5 Qd4 25. Qf3 Bg7 26. Nc6 Qxb2
27. Nxd8 Rxd8 28. Rxa7 Rf8 29. d6 {Black resigns} 1-0

[Event "ICC tourney 2056 (3 2)"]
[Site "Internet Chess Club"]
[Date "2020.10.12"]
[Round "11"]
[White "Laxman90"]
[Black "BillietheKid"]
[Result "1-0"]
[ICCResult "Black resigns"]
[WhiteElo "1514"]
[BlackElo "1413"]
[Opening "QGD semi-Slav"]
[ECO "D43"]
[NIC "SL.06"]
[Time "21:38:28"]
[TimeControl "180+2"]

1. d4 d5 2. c4 e6 3. Nc3 c6 4. Nf3 Nf6 5. g3 Bb4 6. Bg2 O-O 7. O-O Nbd7 8.
Nd2 Re8 9. e4 dxe4 10. Ndxe4 Nxe4 11. Nxe4 Nf6 12. Be3 Nxe4 13. Bxe4 e5 14.
d5 Bh3 15. Bg2 Bxg2 16. Kxg2 cxd5 17. cxd5 Qd6 18. a3 Ba5 19. Qb3 b6 20.
Rfd1 Rad8 21. Qb5 e4 22. b4 Qf6 23. bxa5 Qf3+ 24. Kg1 bxa5 25. Qxa5 Rd6 26.
Qxa7 h5 27. h4 Rg6 28. Qc7 Kh7 29. Qf4 Qe2 30. d6 Ree6 31. d7 Ref6 32. Qxe4
Rf3 33. d8=Q f5 34. Qxf3 Qxf3 35. Qb8 Rxg3+ 36. Qxg3 {Black resigns} 1-0

[Event "ICC tourney 2056 (3 2)"]
[Site "Internet Chess Club"]
[Date "2020.10.12"]
[Round "11"]
[White "garfield92037"]
[Black "pika0008"]
[Result "1/2-1/2"]
[ICCResult "Game drawn by repetition"]
[WhiteElo "1391"]
[BlackElo "1390"]
[Opening "Sicilian: Nimzovich-Rossolimo attack (with ...g6, without ...d6)"]
[ECO "B31"]
[NIC "SI.31"]
[Time "21:38:19"]
[TimeControl "180+2"]

1. e4 c5 2. Nf3 Nc6 3. Bb5 g6 4. O-O Bg7 5. c3 e5 6. d3 Nge7 7. Be3 b6 8.
Nbd2 O-O 9. Bc4 a6 10. a4 d5 11. exd5 Nxd5 12. Bb3 Nxe3 13. fxe3 Qxd3 14.
Nc4 Qxd1 15. Raxd1 b5 16. axb5 axb5 17. Nb6 Rb8 18. Nxc8 Rbxc8 19. Bd5 Ne7
20. Ba2 Rfd8 21. e4 c4 22. Kf2 Kf8 23. Ke2 f5 24. exf5 gxf5 25. Bb1 e4 26.
Ng5 Kg8 27. Ne6 Rxd1 28. Rxd1 Bf6 29. Nf4 Kf7 30. Ke3 Bg5 31. g3 Rc7 32. Rd6
Nc6 33. Rd5 Kf6 34. Rxb5 Ne5 35. Ke2 Bxf4 36. gxf4 Nd3 37. Ke3 Rd7 38. Rb6+
Kf7 39. Ba2 Rc7 40. Rb5 Ke6 41. Rb6+ Kf7 42. Rb5 Ke6 43. Rb6+ Kf7 44. Rh6
Kg7 45. Rb6 Kf7 46. Rb5 Ke6 47. Rb6+ Kf7 48. Rb5 Ke6 {Game drawn by
repetition} 1/2-1/2

[Event "ICC tourney 2056 (3 2)"]
[Site "Internet Chess Club"]
[Date "2020.10.12"]
[Round "11"]
[White "ChessMonkey123"]
[Black "kushagra12"]
[Result "0-1"]
[ICCResult "White checkmated"]
[WhiteElo "1317"]
[BlackElo "1361"]
[Opening "Sicilian: Pelikan (Lasker/Sveshnikov) variation"]
[ECO "B33"]
[NIC "SI.35"]
[Time "21:39:07"]
[TimeControl "180+2"]

1. e4 c5 2. Nf3 Nc6 3. d4 cxd4 4. Nxd4 Nf6 5. Nc3 e5 6. Nb3 Bb4 7. Bd3 d5 8.
exd5 Nxd5 9. Bd2 Nxc3 10. Bxc3 Bxc3+ 11. bxc3 O-O 12. O-O f5 13. Re1 e4 14.
Bc4+ Kh8 15. Qxd8 Rxd8 16. Rad1 Bd7 17. Nc5 Be8 18. Nxb7 Rxd1 19. Rxd1 Bh5
20. Rd6 Ne5 21. Bd5 g6 22. Re6 Nf7 23. Rf6 Ng5 24. Nd6 Rb8 25. h4 Rb1+ 26.
Kh2 Nf3+ 27. gxf3 Bxf3 28. Rf8+ Kg7 29. Rg8+ Kh6 30. Nf7+ Kh5 31. Rh8 Kxh4
32. Rxh7+ Kg4 33. Ne5+ Kf4 34. Nxg6+ Kg5 35. Nf8 Rh1+ 36. Kg3 f4#
{White checkmated}
0-1

[Event "ICC tourney 2056 (3 2)"]
[Site "Internet Chess Club"]
[Date "2020.10.12"]
[Round "11"]
[White "steinutz"]
[Black "Alec-hine"]
[Result "1-0"]
[ICCResult "Black checkmated"]
[WhiteElo "1528"]
[BlackElo "1673"]
[Opening "Trompowsky attack (Ruth, Opocenský opening)"]
[ECO "A45"]
[NIC "QP.07"]
[Time "21:38:37"]
[TimeControl "180+2"]

1. d4 Nf6 2. Bg5 e6 3. e3 h6 4. Bh4 Be7 5. Bd3 d5 6. Nd2 c5 7. c3 Nc6 8. f4
Qb6 9. Rb1 Bd7 10. Ngf3 Rc8 11. O-O cxd4 12. exd4 Na5 13. Ne5 Bb5 14. Qe2
Bxd3 15. Qxd3 Nc6 16. h3 O-O 17. Bxf6 Bxf6 18. Nd7 Qc7 19. Nxf8 Rxf8 20. g3
a6 21. Nf3 b5 22. Ne5 Bxe5 23. fxe5 f6 24. exf6 Rxf6 25. Rxf6 gxf6 26. Qg6+
Kf8 27. Qxf6+ Ke8 28. Qxe6+ Kd8 29. Qxd5+ Kc8 30. Qg8+ Kb7 31. Rf1 Kb6 32.
Kh2 Qe7 33. Rf2 Qe1 34. Qf7 Qe4 35. Qf3 Qe1 36. Re2 Qd1 37. d5 Qxd5 38. Qxd5
Na5 39. Re6+ Ka7 40. Qd7+ Nb7 41. Re7 Kb6 42. Qxb7+ Ka5 43. b3 h5 44. Re6 h4
45. Rxa6# {Black checkmated} 1-0

[Event "ICC tourney 2056 (3 2)"]
[Site "Internet Chess Club"]
[Date "2020.10.12"]
[Round "11"]
[White "pawnsacrifice5"]
[Black "javasri"]
[Result "1-0"]
[ICCResult "Black resigns"]
[WhiteElo "1975"]
[BlackElo "1701"]
[Opening "King's Indian: fianchetto with ...Nd7"]
[ECO "E67"]
[NIC "QP.06"]
[Time "21:38:27"]
[TimeControl "180+2"]

1. Nf3 Nf6 2. d4 g6 3. c4 Bg7 4. Nc3 O-O 5. g3 d6 6. Bg2 Nbd7 7. O-O Rb8 8.
e4 e5 9. Re1 c5 10. dxe5 dxe5 11. Bg5 h6 12. Bxf6 Qxf6 13. Nd5 Qd8 14. Qb3
Nb6 15. Rad1 Nxd5 16. Rxd5 Qc7 17. Qe3 b6 18. Red1 Be6 19. Rd6 Bxc4 20. Rd7
Qc6 21. Rxa7 Rbd8 22. Re1 Rd7 23. Rxd7 Qxd7 24. Qc3 Bxa2 25. b3 b5 26. Ra1
Ra8 27. Qb2 Qa7 28. Nd2 Qa3 29. Qc2 c4 30. Bf1 cxb3 31. Nxb3 Bf8 32. Nc1 Bc5
33. Rxa2 Qxa2 34. Nxa2 Bd4 35. Bxb5 Kg7 36. Kg2 Ra3 37. Be2 h5 38. Nb4 Rc3
39. Qd1 h4 40. Nd5 Ra3 41. gxh4 f5 42. exf5 gxf5 43. Qc1 f4 44. Qxa3
{Black resigns}
1-0

[Event "ICC tourney 2056 (3 2)"]
[Site "Internet Chess Club"]
[Date "2020.10.12"]
[Round "11"]
[White "shanmukha123"]
[Black "pmchess98"]
[Result "1-0"]
[ICCResult "Black forfeits on time"]
[WhiteElo "1646"]
[BlackElo "1412"]
[Opening "Queen's pawn game"]
[ECO "A46"]
[NIC "QP.05"]
[Time "21:38:17"]
[TimeControl "180+2"]

1. d4 Nf6 2. Nf3 e6 3. Bf4 c5 4. e3 cxd4 5. exd4 d5 6. c3 Nc6 7. Nbd2 Bd6 8.
Bg3 O-O 9. Bd3 Re8 10. Ne5 Qc7 11. f4 a6 12. O-O b5 13. Bh4 Be7 14. Qf3 b4
15. Rac1 Bb7 16. Qh3 Nxe5 17. fxe5 Ne4 18. Nf3 Bxh4 19. Qxh4 bxc3 20. bxc3
f5 21. exf6 Nxf6 22. Ne5 Qe7 23. Rb1 Ra7 24. Rbe1 Ba8 25. Qh3 Ne4 26. Bxe4
dxe4 27. Rf4 Rf8 28. Rxf8+ Qxf8 29. Qxe6+ Kh8 30. Rf1 Qg8 31. Nf7+ Rxf7 32.
Rxf7 e3 33. Re7 {Black forfeits on time} 1-0

[Event "ICC tourney 2056 (3 2)"]
[Site "Internet Chess Club"]
[Date "2020.10.12"]
[Round "11"]
[White "drabmolc"]
[Black "chief2006"]
[Result "1-0"]
[ICCResult "Black forfeits on time"]
[WhiteElo "1417"]
[BlackElo "1252"]
[Opening "Queen's pawn game"]
[ECO "A45"]
[NIC "QP.07"]
[Time "21:38:49"]
[TimeControl "180+2"]

1. d4 Nf6 2. e3 g6 3. f4 Bg7 4. Nf3 d6 5. Bd3 O-O 6. O-O c6 7. c3 Nbd7 8.
Nbd2 Re8 9. Qc2 e5 10. fxe5 dxe5 11. dxe5 Nxe5 12. Nxe5 Rxe5 13. Nf3 Rd5 14.
Bc4 Rd6 15. e4 Be6 16. Bxe6 Rxe6 17. e5 Nd5 18. Ng5 Rxe5 19. Nxf7 Qb6+ 20.
Kh1 Re7 21. Nh6+ Bxh6 22. Bxh6 Ne3 23. Qe2 Nf5 24. Qc4+ Kh8 25. Bg5 Rd7 26.
Rae1 Rf8 27. Bh6 Rfd8 28. Bg5 Rf8 29. Qe6 Rdf7 30. g4 {Black forfeits on
time} 1-0

[Event "ICC tourney 2056 (3 2)"]
[Site "Internet Chess Club"]
[Date "2020.10.12"]
[Round "11"]
[White "KingPidgenYT"]
[Black "cjcardoso"]
[Result "0-1"]
[ICCResult "White forfeits on time"]
[WhiteElo "1398"]
[BlackElo "1437"]
[Opening "Bird's opening"]
[ECO "A03"]
[NIC "VO.07"]
[Time "21:39:01"]
[TimeControl "180+2"]

1. f4 d5 2. Nf3 Nf6 3. e3 Bf5 4. b3 e6 5. Bb2 Be7 6. Bb5+ c6 7. Be2 Nbd7 8.
O-O O-O 9. h3 Be4 10. Ne5 Qc7 11. d3 Bg6 12. Nd2 Qb6 13. Ndf3 Qxe3+ 14. Kh1
Qb6 15. Bd4 Bc5 16. Bb2 Nxe5 17. Nxe5 Bd4 18. Bxd4 Qxd4 19. Qe1 Rfd8 20. Qg3
Nd7 21. Nxd7 Rxd7 22. Qe1 Re8 23. Qd2 Rde7 24. Rae1 Qc5 25. a4 Qd6 26. Qd1
f6 27. Bg4 e5 {White forfeits on time} 0-1

[Event "ICC tourney 2056 (3 2)"]
[Site "Internet Chess Club"]
[Date "2020.10.12"]
[Round "11"]
[White "clydedrexler22"]
[Black "ekanshmehrotra"]
[Result "1-0"]
[ICCResult "Black resigns"]
[WhiteElo "1543"]
[BlackElo "1494"]
[Opening "Queen's pawn: London system"]
[ECO "A45"]
[NIC "QP.07"]
[Time "21:38:12"]
[TimeControl "180+2"]

1. d4 Nf6 2. Bf4 c5 3. e3 d5 4. Nc3 Nc6 5. Nb5 Qa5+ 6. c3 e5 7. Bxe5 Nxe5 8.
dxe5 Ng4 9. Qxd5 Be6 10. Qxb7 Rd8 11. Nc7+ Ke7 12. Nd5+ Ke8 13. Nc7+ Ke7 14.
Nd5+ Ke8 15. Bb5+ Bd7 16. Nc7+ Ke7 17. Nd5+ Ke8 18. Bxd7+ Rxd7 19. Qb8+ Rd8
20. Nc7+ Ke7 21. Qb7 Rd7 22. Nd5+ Ke8 23. Qc8+ Rd8 24. Nc7+ Ke7 25. Qxg4
Qxc7 26. Nf3 g6 27. Qg5+ Ke8 28. Qf6 Rg8 29. O-O Bg7 30. Qh4 Bxe5 31. Nxe5
Qxe5 32. Rad1 f6 33. Rxd8+ Kxd8 34. Rd1+ Ke7 35. Qa4 Qc7 36. Qe4+ Kf7 37.
Qd5+ Kg7 38. Qd7+ Qxd7 39. Rxd7+ Kh6 40. Rxa7 Rb8 41. b3 c4 42. b4 Rd8 43.
h3 Rd3 44. b5 Rxc3 45. a4 Rb3 46. Ra6 c3 47. Rc6 Kg5 48. Kh2 Kf5 49. Kg3 Ke4
50. b6 Kd3 51. a5 c2 52. Rc7 Kd2 53. b7 c1=Q 54. Rxc1 Kxc1 55. a6 g5 56. a7
f5 57. b8=Q f4+ 58. Kf3 g4+ 59. hxg4 {Black resigns} 1-0

[Event "ICC tourney 2056 (3 2)"]
[Site "Internet Chess Club"]
[Date "2020.10.12"]
[Round "11"]
[White "wildrumpus"]
[Black "StevChess01"]
[Result "1-0"]
[ICCResult "Black forfeits on time"]
[WhiteElo "1379"]
[BlackElo "1353"]
[Opening "Queen's pawn: stonewall attack"]
[ECO "A45"]
[NIC "QP.07"]
[Time "21:38:19"]
[TimeControl "180+2"]

1. d4 Nf6 2. e3 d5 3. Bd3 Bg4 4. Ne2 e6 5. f3 Bh5 6. Nf4 Bg6 7. Nxg6 hxg6 8.
Nd2 Bd6 9. f4 g5 10. g3 gxf4 11. exf4 g5 12. O-O gxf4 13. g4 Rg8 14. h3 Nbd7
15. Nf3 c6 16. g5 Nh5 17. h4 Ng3 18. Rf2 Qc7 19. Kg2 O-O-O 20. Qe1 Rde8 21.
c4 Be7 22. cxd5 exd5 23. Ne5 Nxe5 24. dxe5 Bc5 25. Rf3 Nh5 26. Bxf4 Nxf4+
27. Rxf4 Rxe5 28. Qf1 Rg7 29. Rc1 Be3 30. Bf5+ Kb8 31. Rf3 Bxc1 32. Qxc1 Rg8
33. Qf1 Rge8 34. g6 Re2+ 35. Rf2 Rxf2+ 36. Qxf2 Qe5 37. gxf7 Rf8 38. Bg6 Qe7
39. Qg3+ Ka8 40. h5 {Black forfeits on time} 1-0

[Event "ICC tourney 2056 (3 2)"]
[Site "Internet Chess Club"]
[Date "2020.10.12"]
[Round "11"]
[White "Kinawa"]
[Black "danaglin"]
[Result "1-0"]
[ICCResult "Black forfeits on time"]
[WhiteElo "1466"]
[BlackElo "1216"]
[Opening "Giuoco Piano"]
[ECO "C44"]
[NIC "SO.06"]
[Time "21:39:07"]
[TimeControl "180+2"]

1. e4 e5 2. Nf3 Nc6 3. d4 exd4 4. Bc4 Bc5 5. c3 Nf6 6. e5 d5 7. Bb5 Ne4 8.
cxd4 O-O 9. dxc5 Bg4 10. Bxc6 bxc6 11. O-O Nxc5 12. Nc3 Ne6 13. h3 Bh5 14.
Qd3 Bg6 15. Qa6 Qd7 16. Be3 d4 17. Rad1 c5 18. Ne2 d3 19. Nf4 Nxf4 20. Bxf4
Qf5 21. Bg3 Rfd8 22. Nh4 Qg5 23. Nxg6 Qxg6 24. Qc4 Rab8 25. b3 Rb4 26. Qxc5
Rbd4 27. f3 Qxg3 28. Qxc7 d2 29. Rf2 h6 30. Qc3 {Black forfeits on time} 1-0

[Event "ICC tourney 2056 (3 2)"]
[Site "Internet Chess Club"]
[Date "2020.10.12"]
[Round "11"]
[White "PearsonH"]
[Black "stephenwilly"]
[Result "0-1"]
[ICCResult "White forfeits on time"]
[WhiteElo "1450"]
[BlackElo "1531"]
[Opening "Queen's pawn, Mason variation"]
[ECO "D00"]
[NIC "QP.08"]
[Time "21:38:15"]
[TimeControl "180+2"]

1. d4 d5 2. Bf4 Nf6 3. e3 Bf5 4. Bd3 Bg6 5. Nf3 Nc6 6. c3 e6 7. Ne5 Nxe5 8.
Bxe5 Bd6 9. Bxd6 Qxd6 10. Bxg6 hxg6 11. h3 Ne4 12. Nd2 Nf6 13. Qc2 Ng4 14.
Nf3 O-O-O 15. O-O-O Nf6 16. Ne5 Qe7 17. Kb1 Ne4 18. c4 Nf6 19. cxd5 Nxd5 20.
Qd2 Rd6 21. e4 Nf6 22. f3 Rhd8 23. Qe3 Rb6 24. Qc3 Kb8 25. Rc1 a6 26. Rhd1
Rdd6 27. Ka1 Ne8 28. Qd2 g5 29. Nc4 Rdc6 30. Nxb6 Rxb6 31. Qc2 Nd6 32. d5
exd5 33. Rxd5 Rc6 34. Rc5 Nb5 35. Rxc6 Nd4 36. Qc5 Nxc6 37. Qxe7 Nxe7 38.
Rc5 f6 39. Kb1 Nc6 40. Rd5 Kc8 41. a3 Ne5 42. Kc2 Ng6 43. Rd2 Nf4
{White forfeits on time}
0-1

[Event "ICC tourney 2056 (3 2)"]
[Site "Internet Chess Club"]
[Date "2020.10.12"]
[Round "11"]
[White "NSXchessplayer"]
[Black "lucachesschess"]
[Result "1-0"]
[ICCResult "Black checkmated"]
[WhiteElo "1407"]
[BlackElo "1401"]
[Opening "Sicilian: Steinitz variation"]
[ECO "B20"]
[NIC "SI.48"]
[Time "21:38:14"]
[TimeControl "180+2"]

1. e4 c5 2. g3 d5 3. Bg2 Nf6 4. exd5 Nxd5 5. Ne2 Nc6 6. O-O Bf5 7. c3 e6 8.
d4 cxd4 9. Nxd4 Nxd4 10. Qxd4 Be7 11. Nd2 Bf6 12. Qa4+ Qd7 13. Qxd7+ Kxd7
14. a3 Rhe8 15. c4 Nb6 16. Bxb7 Rab8 17. Ba6 Kc7 18. f3 Bd3 19. Re1 Bd4+ 20.
Kg2 e5 21. Ra2 f5 22. b4 e4 23. fxe4 fxe4 24. Bb2 Bxb2 25. Rxb2 e3 26. Nf1
e2 27. Nd2 Rf8 28. Rb3 Bc2 29. Re3 Bd1 30. Re7+ Nd7 31. c5 Rbe8 32. Rxe8
Rxe8 33. Kf2 Ne5 34. Bxe2 Bxe2 35. Rxe2 Nd3+ 36. Kf3 Ne1+ 37. Kf2 Nd3+ 38.
Kf1 Rf8+ 39. Kg2 Kd7 40. Nc4 Kc6 41. Ne5+ Nxe5 42. Rxe5 Rd8 43. Re3 Rd2+ 44.
Kh3 a5 45. Re6+ Kb5 46. Rb6+ Kc4 47. Rb7 axb4 48. axb4 Rd5 49. c6 Rd6 50. c7
Rc6 51. b5 Rc5 52. b6 Kb5 53. Rb8 Rxc7 54. bxc7+ Ka5 55. c8=Q Ka4 56. Qa6#
{Black checkmated}
1-0

[Event "ICC tourney 2056 (3 2)"]
[Site "Internet Chess Club"]
[Date "2020.10.12"]
[Round "11"]
[White "Vidipkona"]
[Black "saikanth"]
[Result "0-1"]
[ICCResult "White checkmated"]
[WhiteElo "1539"]
[BlackElo "1515"]
[Opening "Caro-Kann: advance variation"]
[ECO "B12"]
[NIC "CK.04"]
[Time "21:38:18"]
[TimeControl "180+2"]

1. e4 c6 2. d4 d5 3. e5 Bf5 4. h4 h5 5. Bd3 Bxd3 6. Qxd3 e6 7. Bg5 Be7 8.
Nf3 Nd7 9. Nc3 a6 10. Ne2 c5 11. O-O-O Qc7 12. Kb1 cxd4 13. Qxd4 Bc5 14. Qf4
Ne7 15. Ned4 Ng6 16. Qg3 Rc8 17. c3 Ndxe5 18. Nxe5 Qxe5 19. Qxe5 Nxe5 20.
Rhe1 Ng4 21. f3 Nf6 22. Bxf6 gxf6 23. Nb3 Kf8 24. Nxc5 Rxc5 25. Rd4 Rg8 26.
Re2 Rc4 27. Rxc4 dxc4 28. Kc2 Ke7 29. Kd1 Rd8+ 30. Ke1 Rd5 31. Re4 b5 32.
Ke2 f5 33. Re3 Kd6 34. f4 f6 35. Rg3 e5 36. fxe5+ Kxe5 37. Rg8 Rd6 38. Rh8
Kf4 39. Rxh5 Kg4 40. Rh8 Kg3 41. h5 Kxg2 42. h6 Re6+ 43. Kd2 Re7 44. Rg8+
Kf2 45. Rg7 Re2+ 46. Kc1 Re1+ 47. Kc2 Rh1 48. Rg6 f4 49. Rxf6 f3 50. Kd2 a5
51. Rf5 Rxh6 52. Rxb5 Rd6+ 53. Kc2 Kf1 54. Rf5 f2 55. Rxa5 Re6 56. Rg5 Ke2
57. Rg2 Ke1 58. Rxf2 Kxf2 59. b3 Ke3 60. bxc4 Ke4 61. Kb3 Ke5 62. c5 Kd5 63.
Kb4 Kc6 64. a4 Re8 65. Kc4 Rb8 66. a5 Rb7 67. a6 Ra7 68. Kb4 Rxa6 69. c4 Ra1
70. Kb3 Ra5 71. Kb4 Rxc5 72. Kb3 Ra5 73. Kb4 Ra6 74. Kb3 Kc5 75. Kc3 Ra3+
76. Kb2 Rh3 77. Kc2 Kxc4 78. Kd2 Rg3 79. Ke2 Kd4 80. Kf2 Ra3 81. Ke2 Rb3 82.
Kd2 Rb2+ 83. Kc1 Kc3 84. Kd1 Rf2 85. Ke1 Ra2 86. Kd1 Rb2 87. Kc1 Rd2 88. Kb1
Rc2 89. Ka1 Rc1+ 90. Ka2 Rd1 91. Ka3 Ra1# {White checkmated} 0-1

[Event "ICC tourney 2056 (3 2)"]
[Site "Internet Chess Club"]
[Date "2020.10.12"]
[Round "11"]
[White "Knightboy123"]
[Black "liuchess"]
[Result "1-0"]
[ICCResult "Black checkmated"]
[WhiteElo "1386"]
[BlackElo "1528"]
[Opening "French: exchange variation"]
[ECO "C01"]
[NIC "FR.01"]
[Time "21:38:20"]
[TimeControl "180+2"]

1. e4 e6 2. d4 d5 3. exd5 exd5 4. Nf3 Bd6 5. Bd3 Nf6 6. h3 h6 7. c3 c6 8.
Be3 Be6 9. O-O Nbd7 10. Nbd2 O-O 11. Re1 Qc7 12. Qc2 Rfe8 13. Rac1 Rac8 14.
c4 dxc4 15. Bxc4 Bxc4 16. Nxc4 Bf8 17. Nfe5 Nxe5 18. Nxe5 Bd6 19. Bf4 Nd5
20. Bh2 f6 21. Nf3 Bxh2+ 22. Nxh2 Qf4 23. Nf3 Qd6 24. Qg6 Rf8 25. Qf5 Nb4
26. a3 Nd5 27. Re6 Qd7 28. Nh4 Ne7 29. Qe4 Rce8 30. Re1 Kf7 31. Qg4 Qd5 32.
Rxe7+ Rxe7 33. Qg6+ Kg8 34. Rxe7 Rf7 35. Re8+ Rf8 36. Re7 Rf7 37. Nf5 Kf8
38. Rxf7+ Qxf7 39. Qxf7+ Kxf7 40. Nd6+ Ke6 41. Nxb7 Kd5 42. Nd8 g5 43. Nf7
h5 44. Nd8 Kd6 45. Kf1 Kd7 46. Nb7 Kc7 47. Nc5 Kd6 48. Ne4+ Ke6 49. Ke2 Kf5
50. Nd6+ Ke6 51. Nc4 Kd5 52. Na5 f5 53. Ke3 f4+ 54. Kd3 g4 55. hxg4 hxg4 56.
f3 gxf3 57. gxf3 a6 58. Nc4 c5 59. dxc5 Kxc5 60. Ne5 Kd5 61. Ng6 Ke6 62.
Nxf4+ Kf5 63. Nd5 Ke5 64. Kc4 a5 65. b4 axb4 66. axb4 Kd6 67. b5 Kd7 68. f4
Kd6 69. f5 Kd7 70. f6 Ke8 71. b6 Kf7 72. b7 Ke6 73. b8=Q Kf7 74. Qc7+ Kg6
75. Qg3+ Kf7 76. Qg7+ Ke6 77. Qe7+ Kf5 78. f7 Kg6 79. f8=Q Kh5 80. Qg8 Kh6
81. Qeg7+ Kh5 82. Q7h8# {Black checkmated} 1-0

[Event "ICC tourney 2056 (3 2)"]
[Site "Internet Chess Club"]
[Date "2020.10.12"]
[Round "11"]
[White "Atomic-Player"]
[Black "BreatheChessAls"]
[Result "0-1"]
[ICCResult "White resigns"]
[WhiteElo "1599"]
[BlackElo "1628"]
[Opening "Grünfeld with Bf4 & e3"]
[ECO "D93"]
[NIC "GI.07"]
[Time "21:38:21"]
[TimeControl "180+2"]

1. d4 Nf6 2. c4 g6 3. Nc3 d5 4. Nf3 Bg7 5. Bf4 O-O 6. e3 c5 7. dxc5 Ne4 8.
Nxe4 dxe4 9. Qxd8 Rxd8 10. Nd4 Bxd4 11. exd4 Rxd4 12. Be3 Rd8 13. Be2 Nc6
14. O-O f5 15. a3 Be6 16. b4 Ne5 17. Rac1 Nd3 18. Rc3 f4 19. Bxd3 fxe3 20.
Bxe4 e2 21. Re1 Rd1 22. Rc1 Rad8 23. Bf3 Rxc1 24. Rxc1 Bxc4 25. Re1 Rd2 26.
Rc1 Bb3 27. Bxe2 Rxe2 28. f3 Rc2 29. Re1 Kf7 30. Re3 Ba4 31. Re4 Bc6 32. Re3
a6 33. h3 Kf6 34. Kh2 e5 35. Kg3 h5 36. Rd3 g5 37. Rd6+ Kf5 38. Rd8 h4+ 39.
Kh2 Kf4 40. Rf8+ Ke3 41. Rf5 e4 42. fxe4 Bxe4 43. Rxg5 Ra2 44. Rg4 Bc6 45.
Kg1 Kd3 46. Rxh4 Rxg2+ 47. Kf1 Rg8 48. Kf2 Kc3 49. Ke3 Kb3 50. Kd4 Kxa3 51.
Ke5 Ka4 52. Kd6 a5 53. bxa5+ Kxa5 54. Rf4 Kb5 55. Rf1 Rg6+ 56. Kc7 Kxc5 57.
Rc1+ Kb4 58. Rb1+ Kc3 59. h4 Rh6 60. Rc1+ Kd2 61. Rc4 Kd3 62. Rg4 Ke3 63.
Rb4 Kf3 64. Kd8 Kg3 65. Ke7 Rxh4 66. Rb3+ Kf2 67. Kf6 Rc4 68. Kg5 Ke2 69.
Kf5 b5 70. Ke5 Kd2 71. Kd6 Kc2 72. Rh3 b4 73. Rh2+ Kb3 74. Rh3+ Ka4 75. Ke5
b3 {White resigns} 0-1

[Event "ICC tourney 2056 (3 2)"]
[Site "Internet Chess Club"]
[Date "2020.10.12"]
[Round "11"]
[White "Tombstone"]
[Black "elevinchess"]
[Result "1-0"]
[ICCResult "Black checkmated"]
[WhiteElo "1667"]
[BlackElo "1639"]
[Opening "Catalan: closed"]
[ECO "E01"]
[NIC "CA.01"]
[Time "21:38:32"]
[TimeControl "180+2"]

1. d4 Nf6 2. c4 e6 3. g3 d5 4. Bg2 b6 5. Nc3 Bb7 6. cxd5 exd5 7. Nf3 Nbd7 8.
O-O Bd6 9. Nh4 O-O 10. Nf5 Ne4 11. Nxd6 cxd6 12. Qc2 Ndf6 13. f3 Nxc3 14.
Qxc3 Rc8 15. Qd3 Re8 16. Bf4 Qe7 17. Rfe1 Nh5 18. Bd2 Nf6 19. Qa3 a6 20. Bf4
Nh5 21. Bxd6 Qe3+ 22. Qxe3 Rxe3 23. g4 Nf6 24. Bf4 Ree8 25. Rac1 Rxc1 26.
Bxc1 a5 27. Bf4 Ba6 28. e3 Rc8 29. Bf1 Bxf1 30. Kxf1 h5 31. g5 Nd7 32. e4
dxe4 33. fxe4 Rc2 34. Re2 Rc4 35. Rd2 Kf8 36. Bg3 Ke7 37. h4 Ke6 38. Ke2 f6
39. Ke3 fxg5 40. hxg5 b5 41. d5+ Ke7 42. e5 Nb6 43. Kf3 Rc5 44. d6+ Kd7 45.
Bf2 Nc4 46. Bxc5 Nxd2+ 47. Kf4 g6 48. Be3 Nc4 49. Bd4 a4 50. Bc3 Ke6 51. Ke4
Nb6 52. Bd4 Nd7 53. a3 h4 54. Kf4 h3 55. Kg3 Kf5 56. Kxh3 Nf8 57. Kg3 Ne6
58. d7 Kxg5 59. Bb6 Kf5 60. d8=Q Nxd8 61. Bxd8 Kxe5 62. Kg4 Kd4 63. Kg5 Kc4
64. Bf6 b4 65. axb4 Kxb4 66. Kxg6 a3 67. Be7+ Kb3 68. Bxa3 Ka4 69. Kf5 Kb3
70. Ke4 Ka4 71. Kd3 Kb3 72. Kd4 Ka4 73. Kc4 Ka5 74. b3 Ka6 75. Bd6 Kb6 76.
b4 Kc6 77. Bf4 Kb6 78. Bg3 Kc6 79. b5+ Kb6 80. Bf4 Kb7 81. Kc5 Kc8 82. b6
Kb7 83. Kb5 Kc8 84. Kc6 Kd8 85. b7 Ke7 86. b8=Q Ke6 87. Qe5+ Kf7 88. Bg5 Kg6
89. Qf6+ Kh5 90. Bd2 Kg4 91. Kd5 Kg3 92. Ke4 Kg4 93. Qg5+ Kh3 94. Kf3 Kh2
95. Qg2# {Black checkmated} 1-0